 Dungeon Crawl Stone Soup version 0.28-a0-925-gd5e1996cdb (webtiles) character file.

Game seed: 16055294187197526985

19777 AvatarAndi78 the Severer (level 12, -4/169 HPs)
             Began as a Minotaur Berserker on Nov 26, 2021.
             Was a High Priest of Trog.
             Slain by a spriggan rider (10 damage)
             ... on level 2 of the Lair of Beasts.
             The game lasted 00:32:40 (12969 turns).

AvatarAndi78 the Severer (Minotaur Berserker)      Turns: 12969, Time: 00:32:41

Health: -4/169     AC: 34    Str: 31    XL:     12   Next: 39%
Magic:  0/3        EV:  6    Int:  4    God:    Trog [*****.]
Gold:   568        SH:  9    Dex: 12    Spells: 11/11 levels left

rFire   + . .      SeeInvis .   o - +5 war axe (flame)
rCold   . . .      Faith    +   h - +0 kite shield
rNeg    . . .      Spirit   .   e - +2 crystal plate armour
rPois   .          Reflect  .   f - +2 hat
rElec   +          Harm     .   u - +0 cloak
rCorr   .          Rampage  .   q - +0 pair of gloves
Will    ++++.                   l - +1 pair of boots
Stlth   ..........              w - amulet of faith
HPRegen 1.38/turn               x - ring of willpower
MPRegen 0.08/turn               a - ring "Nosuzyse" {rElec rF+ MP-9 Str+6}

@: berserking, strong-willed, regenerating, studying 2 skills, very quick
A: horns 2, retaliatory headbutt, hooves 1, iridescent scales 1, camouflage 1,
high mp 1, strong-willed 1
a: Renounce Religion, Berserk, Trog's Hand, Brothers in Arms


You were on level 2 of the Lair of Beasts.
You worshipped Trog.
Trog was extremely pleased with you.
You visited 2 branches of the dungeon, and saw 13 of its levels.
You also visited: Bailey.

You collected 724 gold pieces.
You spent 156 gold pieces at shops.

Inventory:

Hand Weapons
 o - a +5 war axe of flaming (weapon)
Missiles
 m - 91 poisoned darts (quivered)
Armour
 e - a +2 crystal plate armour (worn)
 f - a +2 hat (worn)
 h - a +0 kite shield (worn)
 l - a +1 pair of boots (worn)
 q - a +0 pair of gloves (worn)
 u - a +0 cloak (worn)
Jewellery
 a - the ring "Nosuzyse" (right hand) {rElec rF+ MP-9 Str+6}
   (You acquired it on level 5 of the Dungeon)

   [ring of strength]

   Str:       It affects your strength (+6).
   rF:        It protects you from fire.
   rElec:     It insulates you from electricity.
   MP:        It affects your magic capacity (-9).
 w - an amulet of faith (around neck)
 x - a ring of willpower (left hand)
 D - a +6 ring of intelligence
 F - a ring of ice
 K - a ring of resist corrosion
Wands
 t - a wand of polymorph (8)
 v - a wand of mindburst (12)
 y - a wand of charming (13)
 A - a wand of flame (18)
 B - a wand of paralysis (24)
 C - a wand of iceblast (5)
 H - a wand of digging (14)
Scrolls
 d - 4 scrolls of teleportation
 i - a scroll of fear
 j - a scroll of vulnerability {unknown}
 k - a scroll of magic mapping
 n - 3 scrolls of fog
 s - a scroll of summoning
 z - 2 scrolls of blinking
 G - 2 scrolls of identify
Potions
 b - 4 potions of mutation
 c - 2 potions of curing
 g - a potion of resistance
 p - 2 potions of flight
 r - 2 potions of invisibility
 I - a potion of cancellation
 J - 2 potions of ambrosia
Miscellaneous
 E - a lightning rod (4/4)


   Skills:
 + Level 12.3 Fighting
 + Level 16.0 Axes
 + Level 6.1 Throwing
 + Level 13.6 Armour
 + Level 5.2 Dodging
 + Level 2.9 Stealth
 + Level 6.0 Shields


You had 11 spell levels left.
You didn't know any spells.
Your spell library was empty.

Dungeon Overview and Level Annotations

Branches:
Dungeon (11/15)            Temple (0/1) D:5            Lair (2/6) D:10
    Orc (0/2) D:9          Bailey (visited)
  Swamp: Lair:2-4    Shoals: Lair:2-4     Snake: Lair:2-4    Spider: Lair:2-4

Altars:
Nemelex Xobeh
Sif Muna
Trog

Shops:
D:6 =   D:11 :?(*

Annotations:
D:11 2 runed translucent doors, anet's ghost, journeyman GnDe
Lair:2 1 transporter, Pioh's ghost, journeyman DECj


Innate Abilities, Weirdness & Mutations

You have a pair of horns on your head.
You reflexively headbutt those who attack you in melee.
You have large cloven feet.
You are partially covered in iridescent scales. (AC +2)
Your skin changes colour to match your surroundings (Stealth+).
You have an increased reservoir of magic. (+10% MP)
You are strong-willed. (Will+)


Message History

The spriggan is almost dead.
You slice the spriggan!! You burn the spriggan!
You kill the spriggan!
Trog accepts your kill.
You slash the spriggan! You burn the spriggan.
You kill the spriggan!
Trog accepts your kill. You block the spriggan's attack.
The moth of wrath goads the spriggan rider on!
The spriggan rider goes berserk!
The spriggan barely misses you.
The spriggan hits you but does no damage.
The spriggan rider hits you from afar with a +2 trident of flaming!
The spriggan rider hits you from afar with a +2 antimagic trident!!
The spriggan hits you with a +0 vampiric trident!
The spriggan hits you but does no damage.
The spriggan rider hits you with a +2 trident of flaming.
* * * LOW HITPOINT WARNING * * *
The spriggan rider burns you.
* * * LOW HITPOINT WARNING * * *
The spriggan rider hits you but does no damage.
You slice the spriggan rider!! You burn the spriggan rider.
The spriggan rider is moderately wounded.
You slash the spriggan rider! You burn the spriggan rider!
You hit the spriggan. You burn the spriggan. You miss the spriggan.
The spriggan hits you with a +2 dagger of speed.
* * * LOW HITPOINT WARNING * * *
The spriggan hits you but does no damage.
You slash the spriggan rider! You burn the spriggan rider.
Your headbutt misses the spriggan rider.
The spriggan rider is heavily wounded.
You miss the spriggan rider. You closely miss the spriggan.
Your crystal plate armour prevents you from hitting the spriggan.
The spriggan rider hits you with a +2 trident of flaming!!
* * * LOW HITPOINT WARNING * * *
The spriggan rider burns you.
* * * LOW HITPOINT WARNING * * *
The spriggan hits you with a +2 dagger of speed!
* * * LOW HITPOINT WARNING * * *
The spriggan rider hits you with a +2 antimagic trident!
You die...

..###.....## #.....##............
...##....[# ##...###............
..##.....## #..##.##....^......
...#P....#i# (.:≈#..#...........
..P#.....#iW.W._.##..#..#........
..###....#.ii#i..)...#..#........
...##....##..# #y..[##..##..#####
#####.....#..###iiW.#.....##..##P
..##......###..)@i.##.....#.##.#.
..##.......###)©i###....#........
...##........#####.............?.
..###....#.....©....#........>..#
..# ##.............####....#..#.#
..###.#........#....#######...###
...###......#.#.#....##.P###...#.
...##...#....#.###.........##....
#......###....## #P..........#...


You could see 2 spriggan riders, a moth of wrath, 2 spriggans and Pioh's ghost.

Vanquished Creatures
  Gastronok (D:11)
  Harold (D:10)
  Fannar (D:11)
  Erolcha (D:10)
  3 two-headed ogres
  Pikel (D:7)
  An orc knight (Bailey)
  Joseph (D:8)
  A gargoyle (D:10)
  Psyche (D:10)
  Maggie (Lair:1)
  2 cane toads (Lair:1)
  A komodo dragon (D:10)
  A queen bee (Lair:2)
  A troll (D:11)
  Prince Ribbit (D:9)
  A hornet (D:9)
  3 spriggans (Lair:2)
  10 yaks
  2 shadows (D:9)
  3 wyverns
  Grum (D:9)
  A steam dragon (D:9)
  2 basilisks (Lair:1)
  Menkaure (D:6)
  An acid dragon (D:8)
  Duvessa (D:6)
  6 water moccasins
  14 orc warriors
  3 ice beasts
  3 black bears
  A necrophage (D:6)
  A phantom (D:9)
  4 wolves (D:9)
  2 ogres
  10 centaurs
  A lemure (D:7)
  2 kobold brigands (D:8)
  2 gnoll sergeants (D:9)
  8 bullfrogs
  A wyvern zombie (D:3)
  A scorpion (D:4)
  A water moccasin skeleton (D:7)
  Dowan (D:6)
  5 wights (D:9)
  21 killer bees
  A howler monkey (D:9)
  A bullfrog zombie (D:6)
  2 hounds
  3 orc priests
  4 centaur zombies
  2 centaur skeletons
  4 bullfrog skeletons
  4 iguanas
  A gnoll shaman (D:6)
  14 orc wizards
  8 ogre zombies (D:9)
  A hound skeleton (D:4)
  2 howler monkey zombies
  14 gnolls
  3 adders
  2 worms
  6 dart slugs
  36 orcs
  3 endoplasms
  2 giant cockroaches
  7 hobgoblins
  5 quokkas
  8 ball pythons
  4 bats
  2 frilled lizards
  7 goblins
  5 goblin skeletons (D:9)
  3 goblin zombies (D:9)
  A hobgoblin skeleton (D:9)
  2 hobgoblin zombies (D:9)
  20 kobolds
  2 orc skeletons (D:9)
  12 orc zombies (D:9)
  4 rats (D:1)
327 creatures vanquished.

Vanquished Creatures (others)
  A vampire (D:9)
  3 fungi
  9 plants
13 creatures vanquished.

Grand Total: 340 creatures vanquished

Notes
Turn   | Place    | Note
-------+----------+-------------------------------------------
     0 | D:1      | AvatarAndi78 the Minotaur Berserker began the quest for the
                  | Orb.
     0 | D:1      | Reached XP level 1. HP: 19/19 MP: 0/0
   152 | D:1      | Reached skill level 4 in Axes
   152 | D:1      | Reached XP level 2. HP: 27/27 MP: 1/1
   471 | D:1      | Found a faded altar of an unknown god.
  1125 | D:2      | Reached XP level 3. HP: 33/33 MP: 2/2
  1222 | D:2      | Reached ** piety under Trog
  2129 | D:3      | Reached skill level 5 in Axes
  2129 | D:3      | Reached XP level 4. HP: 30/40 MP: 3/3
  2474 | D:3      | Found a sparkling altar of Nemelex Xobeh.
  2495 | D:3      | Reached XP level 5. HP: 35/47 MP: 4/4
  3012 | D:4      | Noticed an ogre
  3019 | D:4      | Killed an ogre
  3020 | D:4      | Reached skill level 6 in Axes
  3222 | D:4      | Reached XP level 6. HP: 53/53 MP: 5/5
  3530 | D:4      | Reached *** piety under Trog
  3766 | D:5      | Entered Level 5 of the Dungeon
  3779 | D:5      | Reached skill level 5 in Armour
  4055 | D:5      | Reached skill level 5 in Fighting
  4055 | D:5      | Reached skill level 7 in Axes
  4055 | D:5      | Reached XP level 7. HP: 52/61 MP: 6/6
  4148 | D:5      | Reached skill level 1 in Throwing
  4463 | D:5      | Found a staircase to the Ecumenical Temple.
  4635 | D:5      | Gained mutation: You have a pair of large horns on your
                  | head. [potion of mutation]
  4635 | D:5      | Gained mutation: You sometimes lose the ability to read
                  | scrolls when taking damage. [potion of mutation]
  4635 | D:5      | Gained mutation: You passively map a small area around you.
                  | [potion of mutation]
  4635 | D:5      | Gained mutation: Your muscles are strong. (Str +2) [potion
                  | of mutation]
  4636 | D:5      | Lost mutation: You sometimes lose the ability to read
                  | scrolls when taking damage. [potion of mutation]
  4636 | D:5      | Lost mutation: Your muscles are strong. (Str +2) [potion of
                  | mutation]
  4636 | D:5      | Lost mutation: You passively map a small area around you.
                  | [potion of mutation]
  4636 | D:5      | Gained mutation: You have a somewhat thin skeletal
                  | structure. (Dex +2, Stealth+) [potion of mutation]
  4636 | D:5      | Gained mutation: You are strong-willed. (Will+) [potion of
                  | mutation]
  4683 | D:5      | Identified a scroll of acquirement
  4683 | D:5      | Acquired the ring "Nosuzyse" {rElec rF+ MP-9 Str+6}
  4881 | D:6      | Reached skill level 8 in Axes
  5009 | D:6      | Reached XP level 8. HP: 48/69 MP: 0/7
  5018 | D:6      | Reached skill level 9 in Axes
  5361 | D:6      | Noticed Duvessa
  5362 | D:6      | Noticed Dowan
  5370 | D:6      | Killed Duvessa
  5375 | D:6      | Killed Dowan
  5394 | D:6      | Noticed Menkaure
  5400 | D:6      | Killed Menkaure
  5513 | D:6      | Found Duomarif's Jewellery Emporium.
  5628 | D:7      | Reached skill level 10 in Axes
  5639 | D:7      | Reached skill level 1 in Stealth
  5776 | D:7      | Noticed Pikel
  5784 | D:7      | Reached XP level 9. HP: 78/78 MP: 0/8
  5790 | D:7      | Killed Pikel
  5840 | D:7      | Reached skill level 11 in Axes
  6360 | D:7      | Noticed a two-headed ogre
  6365 | D:7      | Killed a two-headed ogre
  6366 | D:7      | Reached skill level 12 in Axes
  6554 | D:8      | Reached skill level 5 in Dodging
  6554 | D:8      | Reached XP level 10. HP: 69/88 MP: 0/9
  6631 | D:8      | Found a flagged portal.
  6646 | Bailey   | Entered a bailey
  6992 | Bailey   | Reached **** piety under Trog
  7275 | Bailey   | Noticed an orc knight
  7285 | Bailey   | HP: 5/132 [orc knight (12)]
  7286 | Bailey   | Killed an orc knight
  7287 | Bailey   | Reached skill level 1 in Shields
  8173 | D:8      | Noticed Joseph
  8179 | D:8      | Killed Joseph
  8282 | D:8      | Reached skill level 10 in Armour
  8607 | D:9      | Reached skill level 13 in Axes
  8777 | D:9      | Reached ***** piety under Trog
  8790 | D:9      | Found a staircase to the Orcish Mines.
  8886 | D:9      | Noticed Grum
  8892 | D:9      | Killed Grum
  8893 | D:9      | Reached XP level 11. HP: 96/97 MP: 1/10
  9072 | D:9      | Noticed a two-headed ogre
  9082 | D:9      | Killed a two-headed ogre
  9083 | D:9      | Reached skill level 10 in Fighting
  9084 | D:9      | Reached skill level 14 in Axes
  9329 | D:9      | Noticed Prince Ribbit
  9336 | D:9      | Killed Prince Ribbit
  9577 | D:10     | Entered Level 10 of the Dungeon
  9579 | D:10     | Noticed Harold
  9585 | D:10     | Killed Harold
  9619 | D:10     | Noticed a two-headed ogre
  9633 | D:10     | Killed a two-headed ogre
  9633 | D:10     | Received a gift from Trog
  9878 | D:10     | Noticed Erolcha
  9885 | D:10     | Killed Erolcha
 10204 | D:10     | Noticed Psyche
 10208 | D:10     | Killed Psyche
 10269 | D:10     | Reached skill level 15 in Axes
 10283 | D:10     | Reached skill level 5 in Shields
 10414 | D:10     | Found a staircase to the Lair.
 10807 | D:11     | Noticed Fannar
 10835 | D:11     | Killed Fannar
 10836 | D:11     | Reached XP level 12. HP: 112/112 MP: 2/11
 10918 | D:11     | Found a runed translucent door.
 10923 | D:11     | Found a runed translucent door.
 10924 | D:11     | Noticed a lich
 10924 | D:11     | Noticed a death knight
 10924 | D:11     | Noticed anet's ghost (journeyman GnDe)
 10925 | D:11     | Noticed an ettin
 11011 | D:11     | Found Hoeqaxat's Assorted Antiques.
 11013 | D:11     | Found Poshrifei's Weapon Emporium.
 11013 | D:11     | Found Quomupoz's Magic Scroll Emporium.
 11016 | D:11     | Found Rujaleff's Book Emporium.
 11027 | D:11     | Bought a scroll of fear for 42 gold pieces
 11027 | D:11     | Bought a scroll of summoning for 114 gold pieces
 11057 | D:11     | Noticed Gastronok
 11082 | D:11     | Killed Gastronok
 11083 | D:11     | Reached skill level 5 in Throwing
 11088 | D:11     | Lost mutation: You have a somewhat thin skeletal structure.
                  | (Dex +2, Stealth+) [potion of mutation]
 11088 | D:11     | Lost mutation: You have a pair of large horns on your head.
                  | [potion of mutation]
 11088 | D:11     | Gained mutation: You have large cloven feet. [potion of
                  | mutation]
 11088 | D:11     | Gained mutation: You are partially covered in iridescent
                  | scales. (AC +2) [potion of mutation]
 11088 | D:11     | Gained mutation: Your skin changes colour to match your
                  | surroundings (Stealth+). [potion of mutation]
 11088 | D:11     | Gained mutation: You have an increased reservoir of magic.
                  | (+10% MP) [potion of mutation]
 11345 | D:11     | Found a shimmering blue altar of Sif Muna.
 11460 | Lair:1   | Entered Level 1 of the Lair of Beasts
 11718 | Lair:1   | Noticed Maggie
 11727 | Lair:1   | Killed Maggie
 12645 | Lair:2   | Found a transporter.
 12647 | Lair:2   | Found a transporter.
 12659 | Lair:2   | Noticed Pioh's ghost (journeyman DECj)
 12957 | Lair:2   | Found a bloodstained altar of Trog.
 12966 | Lair:2   | Reached skill level 16 in Axes
 12969 | Lair:2   | HP: 6/169 [spriggan (15)]
 12969 | Lair:2   | Slain by a spriggan rider

Illustrated notes

Levels and vault maps discovered:
D:1:      dpeg_arrival_signposts, layout_basic, ebering_ecumenical_altar_webs,
          minmay_fountain_box
D:2:      layout_loops_corners
D:3:      layout_loops_ring, lemuel_crystal_altar, serial_bayou_ford_a,
          hangedman_decor_slide_cut
D:4:      layout_gridville
D:5:      layout_gridville, minmay_temple_entry_wispy
D:6:      layout_loops_cross, serial_shops, nicolae_shop_behind_doors,
          amcnicky_mini_corridor_feature, hangedman_abyss_or_decor_lesser_grid,
          uniq_menkaure, uniq_duvessa
D:7:      layout_basic, uniq_pikel
D:8:      layout_basic, enter_bailey_3, grunt_decor_resistance, uniq_joseph
D:9:      layout_roguey, zombieorc2_lemuel, chequers_serial_rivers_micro_a,
          minmay_joined_circles, uniq_grum, uniq_prince_ribbit1
D:10:     layout_grid_maze, minmay_lair_entry_grove, uniq_psyche, uniq_harold,
          uniq_erolcha
D:11:     layout_cave_pools, muffindrake_ghost_dual_entry,
          minmay_shop_grid_forest, hex_tiny, kennysheep_orc_sif_temple,
          uniq_fannar, uniq_gastronok
Lair:1:   layout_loops_ring, uniq_maggie
Lair:2:   layout_concentric_octagons, special_room [special_room_bee],
          gammafunk_ghost_wrathful_warriors

Skill      XL: |  1  2  3  4  5  6  7  8  9 10 11 12 |
---------------+-------------------------------------+-----
Axes           | 4 5 6 7 8 10 12 13 15 16 | 16.0
Fighting       | 4 5 6 7 9 11 12 | 12.3
Armour         | 3 4 5 6 7 8 10 12 13 | 13.6
Dodging        | 3 4 5 |  5.2
Throwing       | 1 2 4 6 |  6.1
Stealth        | 1 2 |  2.9
Shields        | 2 5 6 |  6.0

Action                   |  1- 3 |  4- 6 |  7- 9 | 10-12 || total
-------------------------+-------+-------+-------+-------++-------
Melee: Hand axe          |    76 |       |       |       ||    76
       Headbutt          |    17 |     9 |    31 |    73 ||   130
       War axe           |    19 |    80 |   102 |   361 ||   562
Throw: Dart              |       |    10 |       |    11 ||    21
       Boomerang         |       |       |       |    76 ||    76
       Throwing net      |       |       |       |     4 ||     4
Invok: Berserk           |       |     1 |     6 |     7 ||    14
       Trog's Hand       |       |       |     5 |     7 ||    12
       Brothers in Arms  |       |       |       |     1 ||     1
Evoke: Wand              |       |       |       |     1 ||     1
  Use: Scroll            |       |       |    15 |     8 ||    23
       Potion            |       |       |     9 |     2 ||    11
 Stab: Invisible         |       |       |       |     6 ||     6
Armor: Scale mail        |    36 |    29 |    49 |       ||   114
       Plate armour      |       |       |    10 |    32 ||    42
       Crystal plate arm |       |       |       |   272 ||   272
Dodge: Dodged            |    50 |    35 |    82 |   117 ||   284
Block: Buckler           |       |       |     2 |    17 ||    19
       Kite shield       |       |       |       |   152 ||   152

Table legend: (Time is in decaauts)
 A = Elapsed time spent in this place.
 B = Non-inter-level travel time spent in this place.
 C = Inter-level travel time spent in this place.
 D = Time resting spent in this place.
 E = Time spent auto-exploring this place.
 F = Levels seen in this place.
 G = Mean time per level.
                   A        B        C        D        E       F      G
               +--------+--------+--------+--------+--------+-----+--------+
         Total |  13162 |  12681 |    481 |      0 |  10642 |  14 |  940.1 |
       Dungeon |  10331 |   9874 |    457 |      0 |   8187 |  11 |  939.2 |
          Lair |   1500 |   1476 |     24 |      0 |   1345 |   2 |  750.0 |
        Bailey |   1330 |   1330 |      0 |      0 |   1110 |   1 | 1330.0 |
               +--------+--------+--------+--------+--------+-----+--------+

Top non-repeatable levels by time:
  Bailey: 1330 daAuts
     D:3: 1243 daAuts
    D:10: 1134 daAuts
     D:5: 1100 daAuts
     D:9: 1036 daAuts
     D:7: 968 daAuts
     D:2: 886 daAuts
     D:4: 859 daAuts
  Lair:2: 832 daAuts
     D:1: 818 daAuts
     D:6: 765 daAuts
     D:8: 762 daAuts
    D:11: 754 daAuts
  Lair:1: 667 daAuts
